 Dungeon Crawl Stone Soup version 0.31.0-12-g77e489cdc1 (webtiles) character file.

Game seed: 11116452207505341957

354 PaiMei the Grave Robber (level 6, 0/43 HPs)
             Began as a Demonspawn Necromancer on Mar 1, 2024.
             Slain by a black bear (5 damage)
             ... on level 5 of the Dungeon.
             The game lasted 00:04:46 (4315 turns).

PaiMei the Grave Robber (Demonspawn Necromancer)    Turns: 4315, Time: 00:04:47

Health: 0/43       AC:  2    Str: 12    XL:     6   Next: 35%
Magic:  3/11       EV: 18    Int: 17    God:
Gold:   176        SH:  0    Dex: 13    Spells: 8/12 levels left

rFire   . . .        c - +0 war axe
rCold   . . .        (no shield)
rNeg    . . .        a - +0 robe
rPois   .            (helmet restricted)
rElec   .            (no cloak)
rCorr   +            (no gloves)
SInv    .            (no boots)
Will    .....        (no amulet)
Stlth   ++           e - +5 ring of evasion
HPRegen 0.27/turn    k - ring "Quustruu" {+Blink rCorr Str+3}
MPRegen 0.12/turn

%: no passive effects
@: no status effects
A: antennae 1, foul stench 1, demonic touch 1
a: Evoke Blink


You were on level 5 of the Dungeon.
You visited 1 branch of the dungeon, and saw 5 of its levels.

You collected 176 gold pieces.

Inventory:

Hand Weapons
 c - a +0 war axe (weapon)
 r - the +6 sling of a sewer {heavy, Str+9 Int-4}
   (You found it on level 4 of the Dungeon)

   Str+9:     It affects your strength (+9).
   Int-4:     It affects your intelligence (-4).
Missiles
 s - 5 poisoned darts (quivered)
Armour
 a - a +0 robe (worn)
Jewellery
 e - a +5 ring of evasion (left hand)
 k - the ring "Quustruu" (right hand) {+Blink rCorr Str+3}
   (You found it on level 3 of the Dungeon)

   [ring of resist corrosion]

   Str+3:     It affects your strength (+3).
   +Blink:    It lets you blink.
   rCorr:     It protects you from acid and corrosion.
 o - an amulet of magic regeneration
Wands
 u - a wand of paralysis (13)
Scrolls
 d - a scroll of blinking {unknown}
 g - a scroll of amnesia {unknown}
 h - 2 scrolls of enchant weapon {unknown}
 l - 2 scrolls of enchant armour {unknown}
 p - a scroll of identify {unknown}
 q - 3 scrolls of noise {unknown}
 t - a scroll of butterflies {unknown}
Potions
 b - a potion of magic
 f - 3 potions of heal wounds {unknown}
 i - 2 potions of haste {unknown}
 j - a potion of berserk rage {unknown}
 m - 2 potions of degeneration {unknown}
 n - a potion of curing {unknown}


   Skills:
 + Level 1.6 Fighting
 + Level 3.4 Dodging
 - Level 3.1 Stealth
 + Level 3.5 Spellcasting
 + Level 5.6 Necromancy


You had 8 spell levels left.
You knew the following spells:

 Your Spells              Type           Power      Damage    Failure   Level
a - Necrotise             Necr           88%        1d8       1%          1
b - Vampiric Draining     Necr           22%        2d7       4%          3

Your spell library contained the following spells:

 Spells                   Type           Power      Damage    Failure   Level
 Sublimation of Blood     Necr           22%        N/A       2%          2
 Animate Dead             Necr           22%        N/A       16%         4
 Call Imp                 Summ           4%         N/A       26%         2
 Ensorcelled Hibernation  Hex/Ice        4%         N/A       26%         2
 Curse of Agony           Necr           22%        N/A       41%         5
 Call Canine Familiar     Summ           2%         N/A       45%         3
 Passwall                 Erth           2%         N/A       45%         3
 Sigil of Binding         Hex            2%         N/A       45%         3
 Swiftness                Air            2%         N/A       45%         3
 Dimensional Bullseye     Hex/Tloc       1%         N/A       86%         4
 Summon Hydra             Summ           1%         N/A       100%        7


Dungeon Overview and Level Annotations

Branches:
Dungeon (5/15)
 Temple: D:4-7

Altars:
Makhleb

Annotations:
D:3 Grinder


Innate Abilities, Weirdness & Mutations

You have a pair of small antennae on your head.
You may rarely emit foul miasma when damaged in melee.
Your touch may inflict minor irresistible damage on your foes.


Message History

You draw life force from the black bear.
You feel life coursing into your body.
The centaur is engulfed in dark miasma.
The centaur is poisoned.
The centaur misses you. The centaur barely misses you.
The black bear completely misses you. The black bear closely misses you.
The black bear claws you but does no damage.
The centaur is engulfed in dark miasma.
The centaur looks even sicker.
The centaur closely misses you. x2
Casting: Vampiric Draining (dangerous; 4% risk of failure)
Confirm with . or Enter, or press ? or * to list all spells.
Aiming: Vampiric Draining (dangerous; 4% risk of failure)
Press: ? - help, Shift-Dir - straight line, f/p - black bear
Aim: a black bear (lightly wounded)
You draw life force from the black bear!
You feel life coursing into your body.
The centaur is engulfed in dark miasma.
The centaur looks even sicker.
The centaur misses you. The centaur barely misses you.
The black bear misses you. The black bear claws you. x2
* * * LOW HITPOINT WARNING * * *
Casting: Vampiric Draining (dangerous; 4% risk of failure)
Confirm with . or Enter, or press ? or * to list all spells.
You don't have enough magic to cast this spell.
Casting: Vampiric Draining (dangerous; 4% risk of failure)
Confirm with . or Enter, or press ? or * to list all spells.
You don't have enough magic to cast this spell.
Casting: Vampiric Draining (dangerous; 4% risk of failure)
Confirm with . or Enter, or press ? or * to list all spells.
You don't have enough magic to cast this spell.
Casting: Vampiric Draining (dangerous; 4% risk of failure)
Confirm with . or Enter, or press ? or * to list all spells.
You don't have enough magic to cast this spell.
You completely miss the centaur. Your touch misses the centaur.
The centaur is moderately wounded.
You barely miss the black bear.
The centaur is engulfed in dark miasma.
The centaur looks as sick as possible!
The centaur hits you.
* * * LOW HITPOINT WARNING * * *
The centaur closely misses you.
The centaur is engulfed in dark miasma.
The centaur looks as sick as possible!
You kill the centaur!
The black bear bites you.
You die...

.....##..........##.# #
?................# .. #
...............>.#
.................#..###
.....................#
#............###..##
##........####.#....
#..........##......#
##.@................
#.○h.......#........
#.........<###.......
....#......####.!.....
#.#...##......#........#
#....# .................
....# .....#..........#
...# ....#...##.##..#
..... ####.#.


You could see a black bear.

Vanquished Creatures
  An ogre (D:4)
  A centaur (D:5)
  A bombardier beetle (D:3)
  2 iguanas
  Robin (D:2)
  5 gnolls
  An adder (D:4)
  3 ribbon worms
  6 dart slugs
  7 orcs
  5 bats
  6 endoplasms
  9 giant cockroaches
  14 goblins
  6 hobgoblins
  4 jackals
  3 quokkas
  3 ball pythons
  5 frilled lizards
  A kobold (D:4)
  3 rats
87 creatures vanquished.

Vanquished Creatures (collateral kills)
  A goblin (D:2)
  A frilled lizard (D:1)
2 creatures vanquished.

Grand Total: 89 creatures vanquished

Notes
Turn   | Place    | Note
-------+----------+-------------------------------------------
     0 | D:1      | PaiMei the Demonspawn Necromancer began the quest for the
                  | Orb.
     0 | D:1      | Reached XP level 1. HP: 13/13 MP: 3/3
     2 | D:1      | Noticed a formicid
     2 | D:1      | Noticed a troll
     4 | D:1      | Noticed an octopode
     4 | D:1      | Noticed a felid
     6 | D:1      | Noticed an oni
     6 | D:1      | Noticed a barachi
     8 | D:1      | Noticed a human
     8 | D:1      | Noticed a tengu
    10 | D:1      | Noticed a demigod
    12 | D:1      | Noticed a naga
    14 | D:1      | Noticed a vampire
    14 | D:1      | Noticed a demonspawn
    16 | D:1      | Noticed an armataur
    18 | D:1      | Noticed an elf
    18 | D:1      | Noticed a ghoul
    20 | D:1      | Noticed a gargoyle
    22 | D:1      | Noticed a djinni
    22 | D:1      | Noticed a vine stalker
    24 | D:1      | Noticed a draconian
    24 | D:1      | Noticed a spriggan
    26 | D:1      | Noticed a merfolk
    26 | D:1      | Noticed a minotaur
    50 | D:1      | Gained mutation: You may rarely emit foul miasma when
                  | damaged in melee. [demonic ancestry]
    50 | D:1      | Reached XP level 2. HP: 19/19 MP: 0/5
   610 | D:2      | Reached XP level 3. HP: 24/24 MP: 3/6
   614 | D:2      | Learned a level 3 spell: Vampiric Draining
  1017 | D:2      | Noticed Robin
  1024 | D:2      | Killed Robin
  1329 | D:2      | Discovered your monstrous ancestry.
  1329 | D:2      | Gained mutation: You have a pair of small antennae on your
                  | head. [demonic ancestry]
  1329 | D:2      | Reached XP level 4. HP: 30/30 MP: 3/7
  1781 | D:3      | Reached skill level 5 in Necromancy
  1792 | D:3      | Noticed Grinder
  1904 | D:3      | Identified the ring "Quustruu" {+Blink rCorr Str+3}
  2041 | D:3      | Found a burning altar of Makhleb.
  2075 | D:3      | Reached XP level 5. HP: 35/35 MP: 4/9
  2470 | D:3      | Paralysed by Grinder for 2 turns
  2922 | D:4      | Identified the +6 sling of a sewer {heavy, Str+9 Int-4}
  3325 | D:4      | Noticed an ogre
  3331 | D:4      | Killed an ogre
  3332 | D:4      | Reached skill level 1 in Fighting
  3332 | D:4      | Gained mutation: Your touch may inflict minor irresistible
                  | damage on your foes. [demonic ancestry]
  3332 | D:4      | Reached XP level 6. HP: 25/43 MP: 0/11
  4144 | D:5      | Entered Level 5 of the Dungeon
  4315 | D:5      | Slain by a black bear

Illustrated notes

Levels and vault maps discovered:
D:1:      kb_arrival_jail, layout_rooms
D:2:      layout_loops_cross, cheibrodos_gnoll_hut, uniq_robin
D:3:      layout_loops_ring, mainiacjoe_overflow_catwalk, uniq_grinder
D:4:      layout_basic, serial_corexii_hall, chequers_hall_statues_y,
          corexii_hall_statues_x, kennysheep_generic_room_7
D:5:      layout_cave_pools, kennysheep_ying_yang, minmay_temple_entry_grid,
          kennysheep_generic_room_15

Skill      XL: |  1  2  3  4  5 |
---------------+----------------+-----
Dodging        | 2 3 |  3.4
Stealth        | 2 3 |  3.1
Necromancy     | 5 |  5.6
Spellcasting   | 3 |  3.5
Fighting       | 1 |  1.6

Action                     |  1- 3 |  4- 6 || total
---------------------------+-------+-------++-------
  Melee: Unarmed           |     1 |       ||     1
         War axe           |    22 |    59 ||    81
         Punch             |     1 |       ||     1
         Touch             |       |     3 ||     3
   Cast: Necrotise         |    54 |    92 ||   146
         Vampiric Draining |       |     6 ||     6
 Armour: Robe              |    25 |    49 ||    74
  Dodge: Dodged            |    39 |    72 ||   111
